TOP OF THE 1ST |
Omaha Storm Chasers batting - Pitching for Salt Lake Bees : LHP Nigel Turner
|
Pitching: LHP Nigel Turner
|
|
Batting: RHB Yuichi Takata
|
0-0: Fly out, F6 (Popup, 6S, EV 77.5 MPH)
|
Batting: RHB Nick Ogle
|
0-0: Called Strike 0-1: Ball 1-1: Foul Ball, location: 2F 1-2: Strikes out swinging, 2-3 out at first.
|
Batting: LHB Justin Rupert
|
0-0: SINGLE (Groundball, 4MD, EV 93.8 MPH)
|
Batting: RHB Adam Martin
|
0-0: Ball 1-0: Ball 2-0: Fielders Choice at 2nd, 5-4 (Groundball, 5L, EV 85.6 MPH)
|
Top of the 1st over - 0 runs, 1 hit, 0 errors, 1 left on base; Omaha 0 - Salt Lake 0 |
BOTTOM OF THE 1ST |
Salt Lake Bees batting - Pitching for Omaha Storm Chasers : RHP Chris Geraci
|
Pitching: RHP Chris Geraci
|
|
Batting: RHB Melvin Gomez
|
0-0: Fly out, F8 (Line Drive, 8RM, EV 93.1 MPH)
|
Batting: RHB Bjoern Waltersson
|
0-0: Ground out 3-1 (Groundball, 34, EV 102.5 MPH)
|
Batting: RHB Andres Mendiola
|
0-0: Ball 1-0: Foul Ball, location: 2F 1-1: Fly out, F9 (Flyball, 9D, EV 104.4 MPH)
|
Bottom of the 1st over - 0 runs, 0 hits, 0 errors, 0 left on base; Omaha 0 - Salt Lake 0 |
TOP OF THE 2ND |
Omaha Storm Chasers batting - Pitching for Salt Lake Bees : LHP Nigel Turner
|
Batting: LHB Roman Downey
|
0-0: Called Strike 0-1: Ball 1-1: Ground out 4-3 (Groundball, 4D, EV 98.8 MPH)
|
Batting: RHB Eric Sandell
|
0-0: Ball 1-0: Ball 2-0: Called Strike 2-1: Called Strike 2-2: Ball 3-2: Ground out 4-3 (Groundball, 4, EV 81.2 MPH)
|
Batting: RHB Mikolas Markus
|
0-0: Ball 1-0: Ball 2-0: Swinging Strike 2-1: Ball 3-1: Foul Ball, location: 2F 3-2: Base on Balls
|
Batting: RHB Walt Cogswell
|
0-0: Ball 1-0: Foul Ball, location: 2F 1-1: Ball 2-1: Ball 3-1: Foul Ball, location: 2F 3-2: Base on Balls Mikolas Markus to second
|
Batting: RHB Joeri Plas
|
0-0: Called Strike 0-1: Ball 1-1: Swinging Strike 1-2: Ball 2-2: Strikes out swinging
|
Top of the 2nd over - 0 runs, 0 hits, 0 errors, 2 left on base; Omaha 0 - Salt Lake 0 |
BOTTOM OF THE 2ND |
Salt Lake Bees batting - Pitching for Omaha Storm Chasers : RHP Chris Geraci
|
Batting: LHB Vinny Carreno
|
0-0: Foul Ball, location: 2F 0-1: Ball 1-1: Ground out 4-3 (Groundball, 4, EV 106.2 MPH)
|
Batting: RHB Guillermo Mojica
|
0-0: Foul Ball, location: 2F 0-1: Foul Ball, location: 2F 0-2: Ground out 4-3 (Groundball, 4, EV 86.2 MPH)
|
Batting: LHB Barrfhionn O'Toole
|
0-0: Ball 1-0: Ball 2-0: Ball 3-0: Base on Balls
|
Batting: RHB Reginald McDougall
|
0-0: Called Strike Barrfhionn O'Toole steals 2nd base 0-1: Swinging Strike 0-2: Ground out 5-3 (Groundball, 56S, EV 83.8 MPH)
|
Bottom of the 2nd over - 0 runs, 0 hits, 0 errors, 1 left on base; Omaha 0 - Salt Lake 0 |
TOP OF THE 3RD |
Omaha Storm Chasers batting - Pitching for Salt Lake Bees : LHP Nigel Turner
|
Batting: RHB Yuichi Takata
|
0-0: Foul Ball, location: 2F 0-1: Ball 1-1: Ball 2-1: Foul Ball, location: 2F 2-2: Foul Ball, location: 2F 2-2: Strikes out swinging
|
Batting: RHB Nick Ogle
|
0-0: DOUBLE (Line Drive, 5D, EV 96.9 MPH)
|
Batting: LHB Justin Rupert
|
0-0: Ball 1-0: Ball 2-0: Called Strike 2-1: Ball 3-1: Fly out, F9 (Flyball, 89S, EV 85.6 MPH)
|
Batting: RHB Adam Martin
|
0-0: Ball 1-0: Ground out 5-3 (Groundball, 5, EV 80.6 MPH)
|
Top of the 3rd over - 0 runs, 1 hit, 0 errors, 1 left on base; Omaha 0 - Salt Lake 0 |
BOTTOM OF THE 3RD |
Salt Lake Bees batting - Pitching for Omaha Storm Chasers : RHP Chris Geraci
|
Batting: LHB Jorge Zermeno
|
0-0: Called Strike 0-1: Ball 1-1: Swinging Strike 1-2: Foul Ball, location: 2F 1-2: Ball 2-2: Ball 3-2: Strikes out looking
|
Batting: RHB Juan Rosa
|
0-0: Swinging Strike 0-1: Fly out, F9 (Flyball, 9, EV 90.0 MPH)
|
Batting: RHB Melvin Gomez
|
0-0: Ball 1-0: Ball 2-0: Called Strike 2-1: Ball 3-1: Foul Ball, location: 2F 3-2: Foul Ball, location: 2F 3-2: Foul Ball, location: 2F 3-2: Ground out 5-3 (Groundball, 56S, EV 78.8 MPH)
|
Bottom of the 3rd over - 0 runs, 0 hits, 0 errors, 0 left on base; Omaha 0 - Salt Lake 0 |
TOP OF THE 4TH |
Omaha Storm Chasers batting - Pitching for Salt Lake Bees : LHP Nigel Turner
|
Batting: LHB Roman Downey
|
0-0: Foul Ball, location: 2F 0-1: Foul Ball, location: 2F 0-2: Ground out 6-3 (Groundball, 6, EV 88.8 MPH)
|
Batting: RHB Eric Sandell
|
0-0: Called Strike 0-1: SINGLE (Line Drive, 4D, EV 100.6 MPH)
|
Batting: RHB Mikolas Markus
|
0-0: SINGLE (Flyball, 34D, EV 97.5 MPH) Eric Sandell to second
|
Batting: RHB Walt Cogswell
|
0-0: Ball 1-0: Ball 2-0: Called Strike 2-1: Ball 3-1: Base on Balls Eric Sandell to third Mikolas Markus to second
|
Batting: RHB Joeri Plas
|
0-0: Foul Ball, location: 2F 0-1: Fielders Choice at 2nd, 4-6 (Groundball, 4, EV 86.9 MPH) Eric Sandell scores Mikolas Markus to third
|
Batting: RHB Yuichi Takata
|
0-0: Ball 1-0: Ball 2-0: Called Strike 2-1: Ball 3-1: Called Strike 3-2: Fly out, F6 (Popup, 6MD, EV 65.0 MPH)
|
Top of the 4th over - 1 run, 2 hits, 0 errors, 2 left on base; Omaha 1 - Salt Lake 0 |
BOTTOM OF THE 4TH |
Salt Lake Bees batting - Pitching for Omaha Storm Chasers : RHP Chris Geraci
|
Batting: RHB Bjoern Waltersson
|
0-0: Ball 1-0: Ground out 4-3 (Groundball, 4S, EV 70.6 MPH)
|
Batting: RHB Andres Mendiola
|
0-0: Ground out 4-3 (Groundball, 4, EV 81.9 MPH)
|
Batting: LHB Vinny Carreno
|
0-0: Foul Ball, location: 2F 0-1: Ball 1-1: Ball 2-1: Foul Ball, location: 2F 2-2: Ball 3-2: Ground out 6-3 (Groundball, 6S, EV 68.8 MPH)
|
Bottom of the 4th over - 0 runs, 0 hits, 0 errors, 0 left on base; Omaha 1 - Salt Lake 0 |
TOP OF THE 5TH |
Omaha Storm Chasers batting - Pitching for Salt Lake Bees : LHP Nigel Turner
|
Batting: RHB Nick Ogle
|
0-0: Ball 1-0: Ball 2-0: Foul Ball, location: 2F 2-1: Ball 3-1: Foul Ball, location: 2F 3-2: Foul Ball, location: 2F 3-2: Base on Balls
|
Batting: LHB Justin Rupert
|
0-0: Called Strike 0-1: Grounds into double play, 6-4-3 (Groundball, 6, EV 78.1 MPH)
|
Batting: RHB Adam Martin
|
0-0: Called Strike 0-1: Foul Ball, location: 2F 0-2: Ball 1-2: SOLO HOME RUN (Flyball, 9LD, EV 93.1 MPH), Distance : 346 ft
|
Batting: LHB Roman Downey
|
0-0: Called Strike 0-1: Swinging Strike 0-2: Foul Ball, location: 2F 0-2: Ball 1-2: Strikes out swinging
|
Top of the 5th over - 1 run, 1 hit, 0 errors, 0 left on base; Omaha 2 - Salt Lake 0 |
BOTTOM OF THE 5TH |
Salt Lake Bees batting - Pitching for Omaha Storm Chasers : RHP Chris Geraci
|
Batting: RHB Guillermo Mojica
|
0-0: Foul Ball, location: 2F 0-1: Ground out 3-1 (Groundball, 34, EV 102.5 MPH)
|
Batting: LHB Barrfhionn O'Toole
|
0-0: Ground out U3 (Groundball, 3, EV 78.8 MPH)
|
Batting: RHB Reginald McDougall
|
0-0: Called Strike 0-1: Called Strike 0-2: Strikes out swinging
|
Bottom of the 5th over - 0 runs, 0 hits, 0 errors, 0 left on base; Omaha 2 - Salt Lake 0 |
TOP OF THE 6TH |
Omaha Storm Chasers batting - Pitching for Salt Lake Bees : LHP Nigel Turner
|
Batting: RHB Eric Sandell
|
0-0: Swinging Strike 0-1: SINGLE (Line Drive, 56, EV 100.6 MPH)
|
Batting: RHB Mikolas Markus
|
0-0: Swinging Strike Passed Ball! Eric Sandell to second 0-1: Ball 1-1: Fly out, F7 (Line Drive, 7D, EV 109.4 MPH) Runner from 2nd tags up, SAFE at 3rd, no throw by LF
|
Batting: RHB Walt Cogswell
|
0-0: Ball 1-0: Swinging Strike 1-1: Swinging Strike 1-2: Strikes out looking
|
Pitching: RHP Owen Prouty
|
|
Batting: RHB Joeri Plas
|
0-0: Called Strike 0-1: Ball 1-1: Foul Ball, location: 2F 1-2: Strikes out swinging
|
Top of the 6th over - 0 runs, 1 hit, 0 errors, 1 left on base; Omaha 2 - Salt Lake 0 |
BOTTOM OF THE 6TH |
Salt Lake Bees batting - Pitching for Omaha Storm Chasers : RHP Chris Geraci
|
Batting: LHB Jorge Zermeno
|
0-0: Foul Ball, location: 2F 0-1: Ball 1-1: Ball 2-1: Called Strike 2-2: Ball 3-2: Ground out U3 (Groundball, 34, EV 81.9 MPH)
|
Batting: RHB Juan Rosa
|
0-0: Called Strike 0-1: Ball 1-1: Called Strike 1-2: Ball 2-2: Strikes out looking
|
Batting: RHB Melvin Gomez
|
0-0: Ground out U3 (Groundball, 34, EV 100.6 MPH)
|
Bottom of the 6th over - 0 runs, 0 hits, 0 errors, 0 left on base; Omaha 2 - Salt Lake 0 |
TOP OF THE 7TH |
Omaha Storm Chasers batting - Pitching for Salt Lake Bees : RHP Owen Prouty
|
Pitching: RHP Jose Alvarado
|
|
Batting: RHB Yuichi Takata
|
0-0: Called Strike 0-1: SINGLE (Groundball, 56D, EV 100.0 MPH)
|
Batting: RHB Nick Ogle
|
0-0: Grounds into double play, 6-4-3 (Groundball, 6, EV 81.2 MPH)
|
Batting: LHB Justin Rupert
|
0-0: Called Strike 0-1: Ball 1-1: Fly out, F8 (Flyball, 8RM, EV 86.9 MPH)
|
Top of the 7th over - 0 runs, 1 hit, 0 errors, 0 left on base; Omaha 2 - Salt Lake 0 |
BOTTOM OF THE 7TH |
Salt Lake Bees batting - Pitching for Omaha Storm Chasers : RHP Chris Geraci
|
Batting: RHB Bjoern Waltersson
|
0-0: Ball 1-0: Called Strike 1-1: Ball 2-1: Ball 3-1: Base on Balls
|
Batting: RHB Andres Mendiola
|
0-0: Called Strike 0-1: Ball 1-1: Fielders Choice at 2nd, 2-6 (Groundball, 2R, EV 70.6 MPH)
|
Batting: LHB Vinny Carreno
|
0-0: Called Strike 0-1: Ball 1-1: Called Strike 1-2: SINGLE (Line Drive, 6MD, EV 97.5 MPH) Andres Mendiola to second
|
Pitching: RHP Joe Jordahl
|
|
Batting: RHB Guillermo Mojica
|
0-0: Ball 1-0: Foul Ball, location: 2F 1-1: Called Strike 1-2: Strikes out swinging
|
Batting: LHB Barrfhionn O'Toole
|
0-0: Called Strike 0-1: Foul Ball, location: 2F 0-2: Strikes out looking
|
Bottom of the 7th over - 0 runs, 1 hit, 0 errors, 2 left on base; Omaha 2 - Salt Lake 0 |
TOP OF THE 8TH |
Omaha Storm Chasers batting - Pitching for Salt Lake Bees : RHP Jose Alvarado
|
Batting: RHB Adam Martin
|
0-0: Ball 1-0: Foul Ball, location: 2F 1-1: Ball 2-1: Swinging Strike 2-2: Strikes out swinging
|
Batting: LHB Roman Downey
|
0-0: Foul Ball, location: 2F 0-1: Foul Ball, location: 2F 0-2: Ball 1-2: Ball 2-2: Ground out 4-3 (Groundball, 4, EV 87.5 MPH)
|
Batting: RHB Eric Sandell
|
0-0: Ball 1-0: Ball 2-0: Ball 3-0: Ground out 6-3 (Groundball, 6M, EV 90.6 MPH)
|
Top of the 8th over - 0 runs, 0 hits, 0 errors, 0 left on base; Omaha 2 - Salt Lake 0 |
BOTTOM OF THE 8TH |
Salt Lake Bees batting - Pitching for Omaha Storm Chasers : RHP Joe Jordahl
|
Batting: RHB Reginald McDougall
|
0-0: Ball 1-0: Ground out 5-3 (Groundball, 56, EV 105.6 MPH)
|
Batting: LHB Jorge Zermeno
|
0-0: Ball 1-0: Foul Ball, location: 2F 1-1: Foul Ball, location: 2F 1-2: Strikes out looking
|
Batting: RHB Juan Rosa
|
0-0: Ball 1-0: Called Strike 1-1: Swinging Strike 1-2: Strikes out swinging
|
Bottom of the 8th over - 0 runs, 0 hits, 0 errors, 0 left on base; Omaha 2 - Salt Lake 0 |
TOP OF THE 9TH |
Omaha Storm Chasers batting - Pitching for Salt Lake Bees : RHP Jose Alvarado
|
Pitching: RHP Dave Thomas
|
|
Batting: RHB Mikolas Markus
|
0-0: Ball 1-0: Called Strike 1-1: Foul Ball, location: 2F 1-2: Foul Ball, location: 2F 1-2: Ball 2-2: Fly out, F9 (Line Drive, 9LM, EV 111.2 MPH)
|
Batting: RHB Walt Cogswell
|
0-0: Called Strike 0-1: Called Strike 0-2: Strikes out swinging
|
Batting: RHB Joeri Plas
|
0-0: Fly out, F9 (Line Drive, 89S, EV 98.1 MPH)
|
Top of the 9th over - 0 runs, 0 hits, 0 errors, 0 left on base; Omaha 2 - Salt Lake 0 |
BOTTOM OF THE 9TH |
Salt Lake Bees batting - Pitching for Omaha Storm Chasers : RHP Joe Jordahl
|
Batting: RHB Melvin Gomez
|
0-0: Called Strike 0-1: Ball 1-1: Ground out 6-3 (Groundball, 6, EV 85.6 MPH)
|
Batting: RHB Bjoern Waltersson
|
0-0: Swinging Strike 0-1: TRIPLE (Groundball, 3L, EV 99.4 MPH)
|
Batting: RHB Andres Mendiola
|
0-0: Called Strike 0-1: Ball 1-1: Ball 2-1: Ball 3-1: Fly out, F8 (Flyball, 8LD, EV 104.4 MPH) Runner from 3rd tags up, SCORES, no throw by CF
|
Batting: LHB Vinny Carreno
|
0-0: Ball 1-0: Called Strike 1-1: Fly out, F7 (Flyball, 7S, EV 80.0 MPH)
|
Bottom of the 9th over - 1 run, 1 hit, 0 errors, 0 left on base; Omaha 2 - Salt Lake 1 |
|